 Dungeon Crawl Stone Soup version 0.18.1-50-g88ac8fd (webtiles) character file.

2767 Chiseanne the Covert (level 9, -11/45 HPs)
             Began as a Spriggan Assassin on Mar 28, 2017.
             Was an Initiate of Gozag.
             Killed by the air
             ... invoked by Gastronok
              (43 damage)
             ... on level 8 of the Dungeon.
             The game lasted 00:19:12 (7730 turns).

Chiseanne the Covert (Spriggan Assassin)            Turns: 7730, Time: 00:19:13

Health: -11/45     AC: 10    Str:  7    XL:     9   Next: 42%
Magic:  14/14      EV: 27    Int: 13    God:    Gozag
Gold:   568        SH:  0    Dex: 20    Spells: 0 memorised, 8 levels left

rFire  . . .     SeeInvis +     w - +0 blowgun
rCold  . . .     Gourm    .     m - +1 robe {rN+}
rNeg   + . .     Faith    .     (shield restricted)
rPois  .         Spirit   .     (helmet restricted)
rElec  .         Dismiss  .     q - +0 cloak
rCorr  .         Reflect  .     (gloves unavailable)
SustAt .         Harm     .     (boots unavailable)
MR     +....                    v - amulet of magic regeneration
Stlth  ++++++....               C - +3 ring of protection
                                c - +3 ring of protection

@: very quick, somewhat resistant to hostile enchantments, very stealthy
A: unfitting armour, see invisible, herbivore 3, speed 3, slow metabolism 2
a: Potion Petition, Call Merchant, Bribe Branch, Renounce Religion


You were on level 8 of the Dungeon.
You worshipped Gozag.
Gozag was noncommittal.
You were full.

You visited 1 branch of the dungeon, and saw 8 of its levels.

You collected 692 gold pieces.
You spent 56 gold pieces at shops.
You paid 68 gold pieces to Gozag.

Inventory:

Hand Weapons
 a - a +2 dagger of venom
 e - a +2 hunting sling of flaming
 s - a +1 dagger of protection
 w - a +0 blowgun (weapon)
 K - a +1 dagger of chaos
Missiles
 b - 7 tomahawks
 d - 46 arrows
 k - 260 stones
 n - 63 sling bullets
 t - 3 throwing nets {!*}
 x - 4 needles of confusion
 A - 14 bolts
 I - 20 poisoned needles (quivered)
Armour
 m - a +1 robe of positive energy (worn)
 q - a +0 cloak (worn)
 O - a +2 robe
Jewellery
 c - a +3 ring of protection (left hand)
 v - an amulet of magic regeneration (around neck)
 C - a +3 ring of protection (right hand)
Wands
 u - a wand of paralysis (19/24)
 D - a wand of iceblast (0/15)
 H - a wand of flame (20/48)
 L - a wand of flame (21/48)
Scrolls
 i - 4 scrolls of teleportation
 y - a scroll of remove curse
 B - a scroll of amnesia
 G - a scroll of recharging
 J - a scroll of fog
Potions
 h - 2 potions of ambrosia
 j - a potion of cancellation
 l - 4 potions of curing
 o - a potion of might {unknown}
 p - 2 potions of flight
 r - a potion of brilliance
 E - a potion of agility {unknown}
 F - a potion of haste
 M - a potion of invisibility {unknown}
 N - 2 potions of resistance
Comestibles
 g - a bread ration
 z - a fruit


   Skills:
 - Level 3.7 Fighting
 - Level 2.1 Short Blades
 * Level 4.3(5.7) Slings
 - Level 4.7(5.3) Throwing
 * Level 9.9 Dodging
 * Level 12.0 Stealth
 * Level 5.8 Evocations


You had 8 spell levels left.
You didn't know any spells.

Dungeon Overview and Level Annotations

Branches:
Dungeon (8/15)             Temple (0/1) D:6
   Lair: D:8-11

Altars:
Cheibriados
Gozag
Okawaru
Qazlal
Trog
Vehumet

Shops:
D:6 (   D:8 (

Annotations:
D:3 exclusion: downstairs
D:4 Chiseanne's ghost, amateur SpAs
D:8 Gastronok


Innate Abilities, Weirdness & Mutations

You are tiny and cannot use many weapons and most armour.
You have supernaturally acute eyesight.
You are a herbivore.
You cover ground extremely quickly.
You need consume almost no food.


Message History

Gastronok is heavily wounded.
Evoking this partially-identified wand wasted a few charges.
Gastronok's eyestalks quiver as he mumbles some strange words.
You feel sluggish.
Evoke which item? (* to show all) (? for menu, Esc to quit)
Zapping:
D - a wand of iceblast {zapped: 13} (will waste charges)
Press: ? - help, Shift-Dir - straight line, f/p - Gastronok
Aim: Gastronok, wearing an embroidered hat (heavily wounded, poisoned) Nothing appears to happen.
Evoke which item? (* to show all) (? for menu, Esc to quit)
Zapping:
u - a wand of paralysis {zapped: 3} (will waste charges)
Press: ? - help, Shift-Dir - straight line, f - hound, p - Gastronok
Aim: a hound (chance to defeat MR: 67%)
The hound suddenly stops moving!
Evoking this partially-identified wand wasted a few charges.
Gastronok waves his eye-stalks in wide circles.
The air twists around and strikes you!
Ouch! That really hurt!
You die...
Your body crumbles into a pile of gold.

#...... ... ..
#......######### ..##..
#......+....... .......
#...... #...h#####(.%.##
#...... #....w.(........
#...... #....#(.#.....#
#......##....#........#
#......@.....#......####
#......##...##..........
#...... #...##.........#
####### #...##...(.....#
######.....$####
#...(..# # #..(...# #
#.....:# # ###########


You could see Gastronok and a hound (paralysed).

Vanquished Creatures
  Psyche (D:8)
  Sigmund (D:6)
  Grum (D:8)
  The ghost of Chiseanne the Sneak, an amateur SpAs (D:3)
  A black bear (D:4)
  A phantom (D:7)
  2 ogres
  4 wolves (D:8)
  A centaur (D:3)
  Blork the orc (D:5)
  A giant frog (D:8)
  A scorpion (D:7)
  3 killer bees (D:7)
  A howler monkey (D:6)
  3 crimson imps
  A quasit (D:7)
  A jelly (D:7)
  4 orc priests
  3 hounds
  4 orc wizards
  2 iguanas
  3 giant frog skeletons
  2 worker ants
  A hound zombie (D:7)
  A worker ant zombie (D:6)
  A howler monkey skeleton (D:6)
  15 adders
  4 gnolls (D:3)
  2 oozes (D:1)
  An adder skeleton (D:6)
  A dart slug (D:3)
  4 worms
  A giant gecko (D:8)
  22 orcs
  3 ball pythons
  5 giant cockroaches
  5 goblins
  9 hobgoblins
  14 jackals
  6 kobolds
  2 quokkas (D:6)
  14 bats
  2 giant newts
  5 rats
161 creatures vanquished.

Notes
Turn   | Place    | Note
--------------------------------------------------------------
     0 | D:1      | Chiseanne the Spriggan Assassin began the quest for the Orb.
     0 | D:1      | Reached XP level 1. HP: 10/10 MP: 2/2
    64 | D:1      | Reached skill level 6 in Stealth
   167 | D:1      | Reached XP level 2. HP: 8/15 MP: 3/3
   760 | D:1      | Reached XP level 3. HP: 18/18 MP: 4/4
   882 | D:2      | Found a stormy altar of Qazlal.
  1174 | D:2      | Reached skill level 7 in Stealth
  1174 | D:2      | Reached XP level 4. HP: 23/23 MP: 5/5
  1649 | D:2      | Found a bloodstained altar of Trog.
  1649 | D:2      | Found an iron altar of Okawaru.
  1826 | D:3      | Noticed Chiseanne's ghost (amateur SpAs)
  2101 | D:3      | Reached XP level 5. HP: 22/26 MP: 6/6
  2185 | D:3      | Noticed a centaur
  2223 | D:3      | Killed a centaur
  2438 | D:3      | Reached skill level 8 in Stealth
  2473 | D:3      | Reached XP level 6. HP: 11/32 MP: 7/7
  2486 | D:3      | Reached skill level 5 in Dodging
  3396 | D:3      | Killed Chiseanne's ghost
  3657 | D:4      | Reached XP level 7. HP: 26/36 MP: 8/8
  3847 | D:4      | Reached skill level 9 in Stealth
  4433 | D:4      | Noticed Chiseanne's ghost (amateur SpAs)
  4519 | D:5      | Entered Level 5 of the Dungeon
  4641 | D:5      | Found an opulent altar of Gozag.
  4653 | D:5      | Became a worshipper of Gozag Ym Sagoz the Greedy
  4670 | D:5      | Noticed Blork the orc
  4671 | D:5      | Killed Blork the orc
  4787 | D:5      | Found a snail-covered altar of Cheibriados.
  5116 | D:5      | Reached skill level 10 in Stealth
  5168 | D:6      | Noticed Sigmund
  5255 | D:6      | Reached XP level 8. HP: 35/42 MP: 9/9
  5520 | D:6      | Reached skill level 1 in Evocations
  5807 | D:6      | Killed Sigmund
  5913 | D:6      | Found a staircase to the Ecumenical Temple.
  5969 | D:6      | Found Meytaacvu's Antique Weapon Emporium.
  5996 | D:6      | Bought a runed hunting sling for 43 gold pieces
  6293 | D:7      | Found a radiant altar of Vehumet.
  6365 | D:7      | Reached skill level 1 in Slings
  6380 | D:7      | Reached skill level 11 in Stealth
  7275 | D:8      | Reached XP level 9. HP: 45/45 MP: 13/13
  7285 | D:8      | Found Veczotuhae's Weapon Shoppe.
  7286 | D:8      | Noticed Grum
  7294 | D:8      | Bought 2 needles of confusion for 13 gold pieces
  7329 | D:8      | Reached skill level 5 in Evocations
  7351 | D:8      | Killed Grum
  7577 | D:8      | Noticed Gastronok
  7643 | D:8      | Noticed Psyche
  7703 | D:8      | Killed Psyche
  7703 | D:8      | Reached skill level 12 in Stealth
  7730 | D:8      | Killed from afar by Gastronok

Skill      XL: |  1  2  3  4  5  6  7  8  9 |
---------------+----------------------------+-----
Stealth        | 6 7 8 10 11 12 | 12.0
Dodging        | 2 3 4 6 7 9 |  9.9
Fighting       | 2 3 |  3.7
Throwing       | 3 4 |  4.7
Evocations     | 4 5 |  5.8
Slings         | 2 4 |  4.3
Short Blades   | |  2.1

Action                   |  1- 3 |  4- 6 |  7- 9 || total
-------------------------+-------+-------+-------++-------
Melee: Dagger            |    87 |   222 |   341 ||   650
 Fire: Blowgun           |       |     7 |    24 ||    31
       Hunting sling     |       |       |     6 ||     6
Throw: Stone             |       |       |     1 ||     1
Evoke: Wand              |       |       |    10 ||    10
  Use: Scroll            |     3 |     1 |    13 ||    17
       Potion            |       |     3 |       ||     3
 Stab: Sleeping          |     6 |    12 |    16 ||    34
       Distracted        |       |     2 |     3 ||     5
       Confused          |       |       |     1 ||     1
       Paralysed         |       |       |     1 ||     1
  Eat: Bread ration      |       |     1 |       ||     1
       Royal jelly       |       |       |     2 ||     2
Armor: Robe              |    12 |    19 |    54 ||    85
Dodge: Dodged            |    48 |   155 |   335 ||   538
